Map: Lightshade LE

Players

AGOElazer (Elazer) - Winner!

  • Race: Zerg Zerg
  • Spawn Location: 5:00

Vanya

  • Race: Zerg Zerg
  • League: Master
  • Spawn Location: 11:00

Event: DreamHack SC2 Masters 2020 Winter

VOD

Have the link to the VOD?

Description

Time

  • Played on: Oct. 27, 2020, 1:54 p.m.
  • Length: 10:24

All games in this series

Show
View Real Time Build Order
Export as new Build Order

AGOElazer Zerg - Winner!

Build Orders: Hatch First, Roach Nydus 

Get SALT Encoding   

  12  0:00  Drone  
  13  0:12  Overlord  
  13  0:16  Drone  
  14  0:30  Drone x2  
  16  0:46  Drone  
  16  0:48  Drone  
  18  1:02  Hatchery  
  18  1:04  Drone  
  18  1:12  Spawning Pool  
  18  1:17  Extractor  
  18  1:18  Drone  
  17  1:19  Drone  
  18  1:28  Drone  
  19  1:39  Drone  
  20  1:56  Overlord  
  20  1:58  Queen  
  22  2:13  Queen  
  22  2:14  Drone x3  
  27  2:21  Drone  
  28  2:25  Drone  
  29  2:32  Drone  
  29  2:34  Queen  
  29  2:36  Drone  
  33  2:42  Overlord  
  33  2:48  Evolution Chamber  
  33  2:49  Drone  
  33  2:50  Lair  
  33  2:55  Drone  
  34  3:00  Drone  
  35  3:06  Drone x4  
  39  3:14  Zerg Missile Weapons Level 1  
  39  3:15  Drone, Roach Warren  
  39  3:19  Overlord  
  39  3:20  Drone  
  39  3:23  Drone x2  
  39  3:24  Drone  
  43  3:29  Drone  
  44  3:36  Extractor  
  44  3:37  Extractor  
  44  3:39  Drone x2  
  44  3:44  Drone x4  
  48  3:49  Overseer  
  48  3:53  Overlord  
  48  3:56  Drone x3  
  48  4:02  Glial Reconstitution  
  51  4:05  Evolution Chamber  
  51  4:08  Overlord  
  50  4:10  Roach  
  50  4:14  Overlord  
  52  4:19  Drone  
  52  4:20  Drone, Extractor  
  52  4:21  Drone x2  
  52  4:22  Roach  
  57  4:28  Roach x3  
  63  4:36  Zerg Ground Armor Level 1  
  63  4:38  Drone x2  
  65  4:49  Hatchery, Overlord  
  64  4:53  Roach x3  
  64  4:55  Overlord  
  70  5:01  Queen  
  70  5:02  Queen  
  74  5:13  Nydus Network  
  73  5:16  Overlord  
  73  5:21  Roach x4  
  81  5:25  Spore Crawler  
  80  5:34  Overlord  
  80  5:46  Queen x2  
  80  5:48  Overlord  
  84  5:50  Spore Crawler  
  84  5:51  Nydus Canal  
  82  5:59  Roach x6  
  94  6:11  Spore Crawler, Nydus Canal  
  94  6:13  Queen  
  94  6:17  Roach x3  
  101  6:24  Queen  
  103  6:26  Spore Crawler  
  103  6:32  Spore Crawler  
  95  6:46  Queen  
  89  6:49  Queen, Roach  
  89  6:50  Roach x3  
  91  6:55  Roach  
  91  6:56  Roach x3  
  97  7:04  Roach x3  
  95  7:08  Roach x2  
  91  7:17  Roach x3  
  97  7:25  Spore Crawler  
  96  7:33  Ravager  
  97  7:39  Roach x6  
  109  7:48  Spore Crawler, Overlord x2  
  108  8:05  Queen x2  
  108  8:09  Ravager  
  108  8:10  Ravager x4  
  108  8:11  Roach x3  
  123  8:13  Ravager  
  113  8:41  Queen x2  
  113  8:43  Roach x3  
  118  9:01  Roach x3  
  124  9:17  Queen x2  
  121  9:27  Roach  
  121  9:29  Overlord x3  
  123  9:39  Spore Crawler  
  122  9:50  Roach x5  
  132  9:53  Spore Crawler  
  132  9:55  Spore Crawler  
Show
View Real Time Build Order
Export as new Build Order

Vanya Zerg 

Build Orders: Hatch First 

Get SALT Encoding   

  12  0:00  Drone  
  13  0:13  Overlord  
  13  0:19  Drone  
  14  0:33  Drone x2  
  16  0:52  Hatchery  
  16  0:56  Drone  
  16  1:02  Drone  
  17  1:07  Drone  
  18  1:16  Extractor  
  17  1:21  Drone  
  17  1:22  Spawning Pool  
  17  1:25  Drone  
  18  1:30  Drone  
  19  1:41  Drone  
  20  1:52  Drone  
  21  2:01  Overlord  
  21  2:08  Queen x2  
  21  2:10  Zergling x2  
  21  2:12  Drone  
  27  2:16  Drone  
  28  2:23  Drone  
  28  2:26  Drone  
  30  2:33  Overlord  
  30  2:37  Drone  
  31  2:44  Queen  
  31  2:47  Lair  
  31  2:48  Drone x2  
  35  2:56  Drone  
  35  2:58  Evolution Chamber  
  35  3:00  Drone  
  35  3:06  Drone  
  35  3:09  Drone, Extractor  
  36  3:13  Extractor  
  36  3:16  Drone  
  36  3:17  Drone x5  
  41  3:20  Overlord  
  41  3:26  Extractor  
  40  3:29  Drone x2  
  42  3:38  Drone  
  43  3:44  Spire  
  43  3:45  Drone  
  43  3:46  Drone  
  44  3:49  Drone x2  
  44  3:51  Overlord  
  46  4:07  Metabolic Boost  
  46  4:10  Drone x5  
  51  4:18  Overseer  
  51  4:27  Hatchery  
  51  4:31  Overlord  
  50  4:36  Drone x2  
  52  4:39  Spine Crawler x2  
  52  4:45  Zergling x6  
  53  4:53  Spine Crawler  
  53  4:56  Mutalisk x4  
  60  5:00  Zerg Flyer Weapons Level 1  
  60  5:08  Mutalisk  
  60  5:09  Mutalisk  
  60  5:11  Overlord  
  64  5:20  Mutalisk x2  
  68  5:22  Spine Crawler  
  68  5:23  Overlord  
  67  5:32  Drone  
  67  5:34  Overlord  
  68  5:39  Drone x2  
  68  5:40  Drone x2  
  72  5:43  Mutalisk  
  72  5:47  Mutalisk  
  72  5:49  Mutalisk  
  76  5:53  Overlord  
  76  5:55  Extractor  
  77  5:57  Extractor  
  77  5:59  Spine Crawler  
  77  6:02  Mutalisk  
  79  6:04  Spine Crawler  
  79  6:05  Mutalisk  
  80  6:12  Spine Crawler  
  80  6:15  Mutalisk  
  80  6:18  Zergling x6  
  84  6:22  Spine Crawler  
  84  6:23  Mutalisk  
  85  6:31  Mutalisk  
  87  6:34  Overlord  
  82  6:40  Mutalisk  
  82  6:43  Overlord  
  73  6:47  Zergling x12  
  73  6:52  Mutalisk  
  79  6:56  Extractor  
  79  7:00  Mutalisk  
  80  7:07  Zergling x10  
  81  7:10  Mutalisk  
  82  7:17  Mutalisk  
  82  7:22  Zergling x4  
  86  7:23  Queen  
  86  7:28  Spine Crawler  
  87  7:31  Mutalisk  
  87  7:33  Overlord  
  87  7:36  Mutalisk  
  88  7:42  Spine Crawler  
  85  7:46  Mutalisk, Overlord  
  85  7:51  Mutalisk  
  84  7:56  Mutalisk  
  87  8:03  Mutalisk  
  88  8:10  Drone  
  88  8:11  Drone, Extractor  
  88  8:12  Mutalisk  
  91  8:17  Mutalisk  
  93  8:28  Mutalisk  
  85  8:41  Mutalisk  
  85  8:43  Zergling x10  
  94  8:51  Mutalisk  
  87  8:59  Mutalisk x2  
  84  9:06  Mutalisk  
  84  9:08  Queen  
  79  9:18  Mutalisk x2  
  81  9:27  Extractor  
  81  9:28  Mutalisk  
  82  9:40  Mutalisk  
  84  9:49  Drone  
  85  9:53  Mutalisk  
Tags
 
Add a new tag
Caveats
  • Supply blocks, unpowered buildings, or Contaminate may cause inaccurate times.
  • Supply counts are checked every 10 seconds.